 Dungeon Crawl Stone Soup version 0.18-a0-1343-g48c8f86 (webtiles) character file.

2 ololoev the Firebug (level 1, -4/10 HPs)
             Began as a Deep Elf Fire Elementalist on Feb 16, 2016.
             Killed by divine providence
             ... invoked by an orc priest
              (14 damage)
             ... on level 3 of the Dungeon.
             The game lasted 00:01:14 (98 turns).

ololoev the Firebug (Deep Elf Fire Elementalist)      Turns: 98, Time: 00:01:15

Health: -4/10      AC:  2    Str:  5    XL:     1   Next: 33%
Magic:  0/6        EV: 13    Int: 19    God:
Gold:   30         SH:  0    Dex: 15    Spells: 1 memorised, 5 levels left

rFire  . . .     SeeInvis .     (no weapon)
rCold  . . .     Gourm    .     a - +0 robe
rNeg   . . .     Faith    .     (no shield)
rPois  .         Spirit   .     (no helmet)
rElec  .         Dismiss  .     (no cloak)
rCorr  .         Reflect  .     (no gloves)
SustAt .         Harm     .     (no boots)
MR     .....                    (no amulet)
Stlth  ++........               (no ring)
                                (no ring)

@: not resistant to hostile enchantments, unstealthy
A: no striking features
a: no special abilities

Inventory:

Armour
 a - a +0 robe (worn)
Scrolls
 d - a scroll of amnesia {unknown}
 e - a scroll of blinking {unknown}
 f - a scroll of remove curse {unknown}
Books
 b - a book of Flames

   Spells                             Type                      Level
   a - Flame Tongue                   Conjuration/Fire             1
   b - Throw Flame                    Conjuration/Fire             2
   c - Conjure Flame                  Conjuration/Fire             3
   d - Inner Flame                    Hexes/Fire                   3
   e - Sticky Flame                   Conjuration/Fire             4
   f - Fireball                       Conjuration/Fire             5
Comestibles
 c - a bread ration


   Skills:
 - Level 2.4 Dodging
 - Level 2.4 Stealth
 + Level 3.0 Spellcasting
 * Level 1.3 Conjurations
 + Level 3.3 Fire Magic


You had 5 spell levels left.
You knew the following spells:

 Your Spells              Type           Power        Failure   Level  Hunger
a - Flame Tongue          Conj/Fire      ##...        8%          1    None


You were on level 3 of the Dungeon.
You were not hungry.

You visited 1 branch of the dungeon, and saw 3 of its levels.

You collected 30 gold pieces.

#########
..#####.......#
......o.o.#
..#.###.#@#
#o#......#
#o#####(.# #.#
# #.# #.. ###

Notes
Turn   | Place    | Note
--------------------------------------------------------------
     0 | D:1      | ololoev the Deep Elf Fire Elementalist began the quest for the Orb.
     0 | D:1      | Reached XP level 1. HP: 10/10 MP: 6/6
    85 | D:3      | Noticed an orc priest
    98 | D:3      | Killed from afar by an orc priest

Dungeon Overview and Level Annotations

Branches:
Dungeon (3/15)

Altars:


Message History

Confirm with . or Enter, or press ? or * to list all spells.
Aiming: Flame Tongue
Press: ? - help, Shift-Dir - straight line, f/p - orc priest
Aim: an orc priest, wielding a dagger and wearing a scale mail (moderately wounded)
The flame tongue hits the orc priest.
The orc priest is severely wounded.
The orc priest miscasts a cantrip.
Casting: Flame Tongue
Confirm with . or Enter, or press ? or * to list all spells.
Aiming: Flame Tongue
Press: ? - help, Shift-Dir - straight line, f/p - orc priest
Aim: an orc priest, wielding a dagger and wearing a scale mail (severely wounded)
The flame tongue hits the orc priest.
The orc priest appears unharmed.
The orc priest is severely wounded.
You aren't carrying any items that can be evoked.
Unknown command.
There is a stone staircase leading up here.
You hit the orc but do no damage. The orc barely misses you.
Casting: Flame Tongue
Confirm with . or Enter, or press ? or * to list all spells.
Aiming: Flame Tongue
Press: ? - help, Shift-Dir - straight line, f - orc
Aim: an orc, wielding a flail and wearing a shiny ring mail The flame tongue hits the orc.
The orc is heavily wounded.
The orc closely misses you.
Your magical contamination has completely faded away.
Press: ? - help, v - describe, . - travel
Here: an orc, wielding a flail and wearing a shiny ring mail (heavily wounded)
The floor.
You closely miss the orc.
The orc is heavily wounded.
The orc priest looks braver for a moment.
You barely miss the orc.
The orc is heavily wounded.
The orc barely misses you.
The orc priest mumbles some strange prayers to Beogh against you.
Something smites you!
Ouch! That really hurt!
You die...

You could see an orc priest and an orc.

Vanquished Creatures
  A hobgoblin (D:2)
  2 rats
3 creatures vanquished.

Action                   || total
-------------------------++-------
Melee: Unarmed           ||     3
 Cast: Flame Tongue      ||     9

Vault maps used:
D:1:      dpeg_arrival_court
D:2:      first_bread, uniq_sigmund, uniq_jessica
D:3:      lemuel_coloured_pillars_altar, old_standard_altar, serial_glass,
          glass_columns_c, glass_columns_b, portal_sewer_entry_d,
          uniq_crazy_yiuf_cottage
